 Dungeon Crawl Stone Soup version 0.30-a0-900-g23479c02f2 (webtiles) character file.

Game seed: 18388721534033344489

89813 Lobster4 the Cleaver (level 16, -4/129 HPs)
             Began as a Human Fighter on Mar 18, 2023.
             Was a Believer of Uskayaw.
             Killed by divine providence
             ... invoked by a meliai
              (17 damage)
             ... on level 13 of the Dungeon.
             The game lasted 01:18:38 (25779 turns).

Lobster4 the Cleaver (Human Fighter)               Turns: 25779, Time: 01:18:39

Health: -4/129     AC: 36    Str: 23    XL:     16   Next: 45%
Magic:  23/23      EV:  7    Int: 10    God:    Uskayaw [**....]
Gold:   2133       SH: 19    Dex: 15    Spells: 23/25 levels left

rFire   + . .      SeeInvis .    a - +3 war axe (flame)
rCold   + . .      Faith    .    s - +0 kite shield
rNeg    . . .      Spirit   .    t - +1 crystal plate armour
rPois   .          Reflect  +    W - +2 helmet
rElec   .          Rampage  .    P - +2 cloak
rCorr   .                        p - +2 pair of gloves
Will    +....                    m - +1 pair of boots Stlth
                                 X - amulet of reflection
HPRegen 0.41/turn                J - ring of the Octopus King {Wiz HP+2 AC+2 EV+2 SH+2}
MPRegen 0.18/turn                f - ring "Holyfac" {Fly rF+ rC+ Dex+2 Stlth-}

@: flying
A: no striking features
a: Renounce Religion, Stomp, Line Pass


You were on level 13 of the Dungeon.
You worshipped Uskayaw.
Uskayaw was aware of your devotion.
You visited 4 branches of the dungeon, and saw 21 of its levels.
You also visited: Sewer, Bailey and Ice Cave.

You collected 3867 gold pieces.
You spent 1734 gold pieces at shops.

Inventory:

Hand Weapons
 a - a +3 war axe of flaming (weapon)
 b - a +0 sling
 H - a +0 heavy broad axe
Missiles
 o - 41 poisoned darts (quivered)
 r - 6 boomerangs
 S - a curare-tipped dart
Armour
 m - a +1 pair of boots (worn)
 p - a +2 pair of gloves (worn)
 s - a +0 kite shield (worn)
 t - a +1 crystal plate armour (worn)
 w - a +1 ring mail of willpower
 M - the +0 ring mail of the Moon Troll {rF+}
   (You bought it in a shop on level 2 of the Orcish Mines)

   rF:        It protects you from fire.
 P - a +2 cloak (worn)
 W - a +2 helmet (worn)
Jewellery
 d - a ring of poison resistance
 f - the ring "Holyfac" (right hand) {Fly rF+ rC+ Dex+2 Stlth-}
   (You bought it in a shop on level 2 of the Orcish Mines)

   [ring of protection from cold]

   Dex:       It affects your dexterity (+2).
   rF:        It protects you from fire.
   rC:        It protects you from cold.
   Fly:       It grants you flight.
   Stlth:     It makes you less stealthy.
 u - a ring of flight
 y - a +4 ring of slaying
 J - a ring of the Octopus King (left hand) {Wiz HP+2 AC+2 EV+2 SH+2}
   (You found it in an ice cave)

   [ring of wizardry]

   It improves your spell success rate.
   AC:        It affects your AC (+2).
   EV:        It affects your evasion (+2).
   HP:        It affects your health (+2).
   SH:        It affects your SH (+2).
 N - a ring of positive energy
 X - an amulet of reflection (around neck)
 Z - a ring of willpower
Wands
 c - a wand of roots (8)
 C - a wand of quicksilver (2)
 E - a wand of flame (2)
 T - a wand of digging (5)
 U - a wand of paralysis (11)
Scrolls
 i - 12 scrolls of teleportation
 l - a scroll of acquirement
 n - 6 scrolls of fog
 q - 3 scrolls of identify
 v - 3 scrolls of enchant armour
 x - 3 scrolls of blinking
 D - 4 scrolls of enchant weapon
 F - a scroll of magic mapping
 K - 2 scrolls of fear
 L - 2 scrolls of butterflies
 Q - a scroll of poison
 R - 2 scrolls of immolation
Potions
 e - 3 potions of brilliance
 g - 2 potions of mutation
 j - 9 potions of flight
 k - 3 potions of curing
 z - 7 potions of haste
 A - a potion of heal wounds
 B - 2 potions of cancellation
 G - 2 potions of lignification
 I - a potion of magic
 O - 4 potions of might
 V - a potion of resistance
 Y - a potion of berserk rage
Miscellaneous
 h - a phial of floods


   Skills:
 + Level 12.1 Fighting
 * Level 13.4 Axes
 - Level 3.0 Ranged Weapons
 - Level 3.0 Throwing
 + Level 10.7 Armour
 - Level 6.0 Dodging
 + Level 12.0 Shields
 - Level 5.0 Spellcasting
 - Level 5.0 Conjurations
 - Level 6.0 Translocations
 - Level 5.0 Air Magic
 + Level 10.0 Invocations
 - Level 3.0 Evocations


You had 23 spell levels left.
You knew the following spells:

 Your Spells              Type           Power      Damage    Failure   Level
a - Apportation           Tloc           28%        N/A       61%         1
b - Shock                 Conj/Air       48%        1d6       75%         1

Your spell library contained the following spells:

 Spells                   Type           Power      Damage    Failure   Level
 Kiss of Death            Conj/Necr      28%        2d7       97%         1
 Swiftness                Air            12%        N/A       98%         3
 Freeze                   Ice            8%         1d3       100%        1
 Confusing Touch          Hex            2%         N/A       100%        3
 Dazzling Flash           Conj/Hex       14%        N/A       100%        3
 Hailstorm                Conj/Ice       7%         3d4       100%        3
 Ozocubu's Armour         Ice            2%         N/A       100%        3
 Airstrike                Air            6%         2d(1-17)  100%        4
 Animate Dead             Necr           2%         N/A       100%        4
 Dispel Undead            Necr           2%         3d7       100%        4
 Iskenderun's Mystic Bla  Conj/Tloc      13%        2d5       100%        4
 Leda's Liquefaction      Hex/Erth       1%         N/A       100%        4
 Summon Ice Beast         Ice/Summ       2%         N/A       100%        4
 Alistair's Intoxication  Tmut/Pois      1%         N/A       100%        5
 Blade Hands              Tmut           1%         N/A       100%        5
 Borgnjor's Vile Clutch   Necr/Erth      1%         N/A       100%        5
 Irradiate                Conj/Tmut      3%         3d12      100%        5
 Lee's Rapid Deconstruct  Erth           1%         3d4*      100%        5
 Death Channel            Necr           1%         N/A       100%        6
 Starburst                Conj/Fire      3%         6d3       100%        6
 Statue Form              Tmut/Erth      1%         N/A       100%        6
 Dragon Form              Tmut           1%         N/A       100%        7
 Ozocubu's Refrigeration  Ice            1%         4d7       100%        7
 Polar Vortex             Ice            1%         N/A       100%        9


Dungeon Overview and Level Annotations

Branches:
Dungeon (13/15)            Temple (1/1) D:4            Lair (5/5) D:9
  Swamp (0/4) Lair:2        Snake (0/4) Lair:3        Slime (0/5) Lair:5
    Orc (2/2) D:12            Elf (0/3) Orc:2         Sewer (visited)
 Bailey (visited)           IceCv (visited)
 Vaults: D:13-14

Altars:
Ashenzari
Cheibriados
Dithmenos
Elyvilon
Fedhas
Gozag
Hepliaklqana
Kikubaaqudgha
Makhleb
Nemelex Xobeh
Okawaru
Qazlal
Ru
Sif Muna
Trog
Uskayaw
Vehumet
Wu Jian
Xom
Yredelemnul
Zin
The Shining One
Jiyva

Shops:
D:5 ?   Orc:1 [[[   Orc:2 *?=[

Annotations:
D:3 2 transporters
Lair:1 3 runed translucent doors, Pooter's ghost, journeyman MiBe


Message History

You can now pass through a line of other dancers.
You barely miss the meliai. You barely miss the orc wizard.
The meliai hits you with a +0 war axe! You block the meliai's attack. x2
The meliai closely misses you. You block the orc wizard's attack.
You closely miss the meliai. You slash the orc wizard! You burn the orc wizard.
You kill the orc wizard!
You block the meliai's attack. x2; The meliai hits you but does no damage.
The meliai barely misses you.
You hit the meliai but do no damage. You block the meliai's attack. x2
The meliai completely misses you. You block the meliai's attack.
You slash the meliai! You burn the meliai.
The meliai is almost dead.
The meliai mumbles some strange prayers to its god against you.
Something smites you!
* * * LOW HITPOINT WARNING * * *
You block the meliai's attack.
The meliai stings you but does no damage.
You closely miss the meliai.
The meliai is almost dead.
The meliai hits you with a +0 war axe.
* * * LOW HITPOINT WARNING * * *
You block the meliai's attack.
A cyclops comes into view.
The meliai mumbles some strange prayers to its god against you.
Something smites you!
* * * LOW HITPOINT WARNING * * *
You closely miss the meliai.
The meliai is almost dead.
The meliai calls down the wrath of its god upon you.
Something smites you!
* * * LOW HITPOINT WARNING * * *
You feel much better. You block the meliai's attack. x2
The meliai invokes the aid of its god against you.
Something smites you!
* * * LOW HITPOINT WARNING * * *
You hit the meliai but do no damage.
The meliai is almost dead.
The meliai calls down the wrath of its god upon you.
Something smites you!
You die...

....y. ..... ....... #....
#........ #.... ###........ #....
##......<... C..## ..........#
#..#######.........#
#.)#.##..#..........
#.y@................ ..........#
##....#####......... ......#..
.........# #......... #.....#.
.........## ###.......
##......#..........### ##....#.
#.......##........... ##....#.
#......##............ ##...^...
#.......#...........#####........
..#...# ...###..###..#...........


You could see a cyclops and a meliai.

Vanquished Creatures
  Kirke (Lair:4)
  Donald (Orc:1)
  A frost giant (IceCv)
  An orc warlord (Orc:1)
  Snorg (D:12)
  2 fire dragons (Lair:5)
  4 ogre magi (Orc:2)
  2 vault guards (Bailey)
  Erolcha (Orc:1)
  20 two-headed ogres
  A catoblepas (Lair:1)
  2 hydras
  4 death yaks (IceCv)
  Urug (D:12)
  2 lindwurms (Lair:5)
  An orc knight (Orc:1)
  An orc sorcerer (D:12)
  2 cyclopes (D:11)
  A manticore (D:12)
  A salamander (Lair:3)
  26 elephants
  An ugly thing (D:13)
  4 black mambas
  10 cane toads
  5 gargoyles
  Maggie (D:9)
  5 torpor snails (Lair:5)
  8 komodo dragons
  11 rime drakes (Lair:5)
  4 kobold demonologists
  2 meliai (D:13)
  9 hornets
  Grinder (D:5)
  5 trolls
  Prince Ribbit (Bailey)
  3 tyrant leeches (Lair:5)
  17 blink frogs
  7 polar bears
  7 dream sheep (Lair:2)
  Sigmund (D:4)
  16 slime creatures
  A shadow (D:11)
  2 vampires
  3 wraiths
  4 humans
  Eustachio (D:3)
  40 yaks
  8 wyverns
  A basilisk (D:12)
  A death yak simulacrum (Lair:1)
  4 hogs (Lair:4)
  10 steam dragons
  3 wargs
  18 water moccasins
  Duvessa (D:5)
  17 orc warriors
  Pargi (Sewer)
  A sky beast (D:7)
  2 ice beasts
  3 black bears (D:9)
  31 ogres
  20 wolves
  6 centaurs
  3 phantoms
  2 kobold brigands
  14 bullfrogs
  2 gnoll sergeants
  5 scorpions
  19 wights
  Dowan (D:5)
  2 elephant simulacra (Lair:1)
  An electric eel (Lair:2)
  10 killer bees
  2 howler monkeys
  4 lava snakes (Lair:3)
  2 jellies
  2 gnoll boudas
  5 hounds
  Crazy Yiuf (D:5)
  19 orc priests
  6 iguanas
  16 orc wizards
  6 hell rats (Lair:3)
  Ijyb (D:5)
  A wolf simulacrum (Lair:1)
  A hound zombie (D:4)
  A howler monkey zombie (D:4)
  19 gnolls
  8 adders
  A river rat (D:5)
  A white imp (D:7)
  3 dart slugs
  55 orcs
  6 endoplasms
  7 giant cockroaches
  10 hobgoblins
  7 jackals
  12 kobolds
  3 quokkas
  2 training dummies (D:5)
  11 ball pythons
  5 bats
  12 frilled lizards
  14 goblins
  6 rats
680 creatures vanquished.

Vanquished Creatures (others)
  An orc (Orc:2)
  12 fungi
  79 plants
  4 toadstools (D:1)
  A withered plant (D:3)
97 creatures vanquished.

Grand Total: 777 creatures vanquished

Notes
Turn   | Place    | Note
-------+----------+-------------------------------------------
     0 | D:1      | Lobster4 the Human Fighter began the quest for the Orb.
     0 | D:1      | Reached XP level 1. HP: 18/18 MP: 1/1
    35 | D:1      | Reached XP level 2. HP: 24/24 MP: 2/2
   287 | D:1      | Reached XP level 3. HP: 18/29 MP: 3/3
   955 | D:2      | Reached skill level 1 in Dodging
  1373 | D:2      | Reached XP level 4. HP: 10/35 MP: 4/4
  1558 | D:2      | Reached XP level 5. HP: 32/41 MP: 5/5
  1919 | D:3      | Reached skill level 1 in Throwing
  2006 | D:3      | Found an ancient bone altar of Kikubaaqudgha.
  2075 | D:3      | Found a transporter.
  2138 | D:3      | Found a transporter.
  2490 | D:4      | Noticed Eustachio
  2491 | D:4      | Noticed Sigmund
  2583 | D:3      | Killed Eustachio
  2584 | D:3      | Reached skill level 3 in Axes
  2584 | D:3      | Reached skill level 1 in Ranged Weapons
  2584 | D:3      | Reached XP level 6. HP: 45/48 MP: 6/6
  2641 | D:4      | You fall into a shaft and drop 1 floor!
  2641 | D:5      | Entered Level 5 of the Dungeon
  2706 | D:5      | Found a runed translucent door.
  2707 | D:5      | Noticed Crazy Yiuf
  2817 | D:5      | Reached XP level 7. HP: 54/54 MP: 7/7
  2850 | D:5      | Noticed Grinder
  2856 | D:5      | Paralysed by Grinder for 5 turns
  2878 | D:5      | Killed Grinder
  2889 | D:5      | Noticed Duvessa
  2889 | D:5      | Noticed Dowan
  2893 | D:5      | Killed Duvessa
  2894 | D:5      | Reached XP level 8. HP: 19/61 MP: 8/8
  2918 | D:5      | Killed Dowan
  3075 | D:5      | Found Oxyrohus's Magic Scroll Shoppe.
  3084 | D:5      | Bought a scroll of identify for 24 gold pieces
  3084 | D:5      | Bought a scroll of identify for 24 gold pieces
  3084 | D:5      | Bought a scroll of identify for 24 gold pieces
  3123 | D:5      | Reached skill level 4 in Axes
  3319 | D:5      | Found a glowing drain.
  3328 | Sewer    | Entered a sewer
  3390 | Sewer    | Noticed Pargi
  3398 | Sewer    | Killed Pargi
  3639 | D:5      | Reached skill level 5 in Fighting
  3830 | D:5      | Reached skill level 5 in Armour
  3842 | D:5      | Noticed Ijyb
  3862 | D:5      | Killed Ijyb
  3883 | D:5      | Reached skill level 5 in Shields
  3984 | D:5      | Reached XP level 9. HP: 63/68 MP: 9/9
  4466 | D:5      | Killed Crazy Yiuf
  4550 | D:4      | Killed Sigmund
  4574 | D:4      | Found a staircase to the Ecumenical Temple.
  4620 | Temple   | Entered the Ecumenical Temple
  4817 | Temple   | Became a worshipper of Uskayaw the Reveller
  4832 | D:4      | Reached * piety under Uskayaw
  5020 | D:4      | Found a hazy altar of Hepliaklqana.
  5229 | D:4      | Reached ** piety under Uskayaw
  5234 | D:4      | Reached *** piety under Uskayaw
  5255 | D:4      | Found a basalt altar of Yredelemnul.
  5327 | D:5      | Reached skill level 1 in Invocations
  5344 | D:6      | Reached skill level 1 in Evocations
  5345 | D:6      | Reached **** piety under Uskayaw
  5527 | D:6      | Reached skill level 5 in Axes
  5905 | D:6      | Reached ***** piety under Uskayaw
  5956 | D:7      | Found a glowing silver altar of Zin.
  5977 | D:7      | Learned a level 1 spell: Apportation
  6090 | D:7      | Reached XP level 10. HP: 75/76 MP: 11/11
  6156 | D:7      | Found a sparkling altar of Nemelex Xobeh.
  6158 | D:7      | Found a burning altar of Makhleb.
  6158 | D:7      | Found a glowing golden altar of the Shining One.
  6158 | D:7      | Found a stormy altar of Qazlal.
  6270 | D:7      | Reached skill level 1 in Translocations
  6340 | D:7      | Found a bloodstained altar of Trog.
  6358 | D:7      | Reached skill level 1 in Spellcasting
  6376 | D:7      | Reached skill level 5 in Dodging
  6821 | D:8      | Found a flagged portal.
  6851 | Bailey   | Entered a bailey
  6896 | Bailey   | Reached skill level 6 in Axes
  6949 | Bailey   | Noticed Prince Ribbit
  6949 | Bailey   | Noticed a vault guard
  6957 | Bailey   | Killed Prince Ribbit
  6975 | Bailey   | Killed a vault guard
  6976 | Bailey   | Reached XP level 11. HP: 78/83 MP: 13/15
  7120 | Bailey   | Noticed a vault guard
  7138 | Bailey   | Killed a vault guard
  7345 | D:8      | Found a sand-covered staircase.
  7379 | D:8      | Reached skill level 5 in Invocations
  7538 | D:8      | Found a shimmering blue altar of Sif Muna.
  7588 | D:8      | Found a sacrificial altar of Ru.
  8140 | D:9      | Noticed Maggie
  8140 | D:9      | Noticed a two-headed ogre
  8161 | D:8      | Paralysed by a hornet for 1 turns
  8279 | D:9      | Noticed a two-headed ogre
  8290 | D:9      | Killed a two-headed ogre
  8291 | D:9      | Reached skill level 7 in Axes
  8614 | D:9      | Killed Maggie
  8704 | D:9      | Killed a two-headed ogre
  8858 | D:9      | Identified the +5 whip of Colohaots {drain, rPois Str-3
                  | Int+4}
  9013 | D:5      | Bought a scroll of acquirement for 624 gold pieces
  9226 | D:9      | Reached XP level 12. HP: 50/94 MP: 15/17
  9356 | D:9      | Found a staircase to the Lair.
  9580 | D:10     | Entered Level 10 of the Dungeon
  9624 | D:10     | Noticed a two-headed ogre
  9631 | D:10     | Killed a two-headed ogre
  9741 | D:10     | Identified the +1 robe of Parts Unknown {Rampage}
  9986 | D:10     | Learned a level 1 spell: Shock
 10166 | D:10     | Reached skill level 8 in Axes
 10265 | D:10     | Reached skill level 1 in Conjurations
 10265 | D:10     | Reached skill level 1 in Air Magic
 10463 | D:10     | Found a shadowy altar of Dithmenos.
 10464 | D:10     | Found a snail-covered altar of Cheibriados.
 10822 | D:10     | Paralysed by a hornet for 1 turns
 11318 | D:11     | Noticed a two-headed ogre
 11325 | D:11     | Killed a two-headed ogre
 11621 | D:11     | Noticed a two-headed ogre
 11630 | D:11     | Killed a two-headed ogre
 12353 | D:12     | Reached XP level 13. HP: 84/101 MP: 14/18
 12935 | D:12     | Found a staircase to the Orcish Mines.
 12971 | D:12     | Reached skill level 5 in Translocations
 13134 | D:12     | Reached ****** piety under Uskayaw
 13412 | D:12     | Reached skill level 9 in Axes
 13482 | D:12     | Noticed an angel
 13483 | D:12     | Found a glowing silver altar of Zin.
 13723 | Lair:1   | Entered Level 1 of the Lair of Beasts
 13876 | Lair:1   | Found a frozen archway.
 13908 | IceCv    | Entered an ice cave
 14713 | IceCv    | Noticed a frost giant
 14729 | IceCv    | Killed a frost giant
 14946 | IceCv    | Found the ring of the Octopus King
 14951 | IceCv    | Identified a ring of the Octopus King {Wiz HP+2 AC+2 EV+2
                  | SH+2}
 14957 | IceCv    | Got Sif Muna's Directory of Freezing
 15370 | Lair:1   | Found a runed translucent gate.
 15370 | Lair:1   | Found a runed translucent gate.
 15370 | Lair:1   | Found a runed translucent gate.
 15542 | Lair:1   | Noticed a catoblepas
 15559 | Lair:1   | Killed a catoblepas
 15900 | Lair:1   | Noticed Pooter's ghost (journeyman MiBe)
 16044 | Lair:2   | Found a staircase to the Swamp.
 16238 | Lair:2   | Reached XP level 14. HP: 85/109 MP: 20/20
 16463 | Lair:2   | Reached skill level 10 in Fighting
 16636 | Lair:2   | Reached skill level 10 in Shields
 16871 | Lair:2   | Acquired 1273 gold pieces
 18031 | Lair:3   | Reached skill level 5 in Conjurations
 18055 | Lair:3   | Reached skill level 10 in Axes
 18173 | Lair:3   | Reached skill level 5 in Air Magic
 18605 | Lair:3   | Found a staircase to the Snake Pit.
 19112 | Lair:4   | Noticed Kirke
 19130 | Lair:4   | Noticed a sphinx
 19130 | Lair:4   | Killed Kirke
 19131 | Lair:4   | Reached skill level 5 in Spellcasting
 19589 | Lair:4   | Reached XP level 15. HP: 109/117 MP: 13/22
 20130 | Lair:4   | Reached skill level 11 in Axes
 20288 | Lair:5   | Entered Level 5 of the Lair of Beasts
 20347 | Lair:5   | Reached skill level 10 in Invocations
 21227 | Lair:5   | Found a viscous altar of Jiyva.
 21228 | Lair:5   | Found a staircase to the Slime Pits.
 21675 | Lair:5   | Found a runed translucent door.
 21808 | Lair:5   | Reached skill level 12 in Axes
 22167 | Lair:5   | Identified the +5 dagger "Usugoquo" {venom, rN++}
 22983 | Orc:1    | Entered Level 1 of the Orcish Mines
 22983 | Orc:1    | Noticed Snorg
 22997 | Orc:1    | Noticed an orc warlord
 23081 | Orc:1    | Noticed Urug
 23097 | D:12     | Killed Snorg
 23235 | D:12     | Killed Urug
 23324 | D:12     | Reached skill level 10 in Armour
 23506 | Orc:1    | Killed an orc warlord
 23636 | Orc:1    | Found Esyisej's Antique Armour Emporium.
 23717 | Orc:2    | Entered Level 2 of the Orcish Mines
 23718 | Orc:2    | Noticed Donald
 23735 | Orc:1    | Killed Donald
 23979 | Orc:1    | Found Fotif's Antique Armour Shoppe.
 24073 | Orc:1    | Found Niuck's Armour Boutique.
 24137 | Orc:1    | Noticed Erolcha
 24175 | Orc:1    | Killed Erolcha
 24536 | Orc:2    | Reached XP level 16. HP: 100/127 MP: 23/23
 24539 | Orc:2    | Paralysed by something for 4 turns
 24757 | Orc:2    | Found a staircase to the Elven Halls.
 24855 | Orc:2    | Reached skill level 13 in Axes
 24895 | Orc:2    | Paralysed by something for 5 turns
 25329 | Orc:2    | Found Ibinasch's Antique Armour Boutique.
 25331 | Orc:2    | Found Netec's Magic Scroll Shoppe.
 25331 | Orc:2    | Found Jeziw's Assorted Antiques.
 25331 | Orc:2    | Found Laqor's Jewellery Shoppe.
 25515 | Orc:2    | Bought a glowing helmet for 225 gold pieces
 25528 | Orc:2    | Bought the ring "Holyfac" {Fly rF+ rC+ Dex+2 Stlth-} for
                  | 570 gold pieces
 25539 | Orc:2    | Bought a warped ring mail for 243 gold pieces
 25539 | Orc:2    | Identified the +0 ring mail of the Moon Troll {rF+} (You
                  | bought it in a shop on level 2 of the Orcish Mines)
 25779 | D:13     | Killed from afar by a meliai

Illustrated notes

Levels and vault maps discovered:
D:1:      spicycebolla_green_bress_n_ham_2, layout_rooms,
          amcnicky_mini_corridor_feature, serial_park_tiny_pond,
          minmay_gold_behind_fungi, chequers_serial_rivers_micro_d,
          amethyst_killhole
D:2:      minmay_razor_zed, layout_loops_ring, serial_bayou,
          serial_bayou_lagoon_a, serial_bayou_pond_e, serial_bayou_lake_a,
          serial_bayou_pond_c, minmay_misc_feat_ornament, minmay_misc_feat_doors
D:3:      gammafunk_steamed_eel, layout_basic, kiku_gazebo_garden_becter,
          grunt_ministairs_9
D:4:      layout_cave_pools, mainiacjoe_overflow_brackets,
          lemuel_zombie_altar_yredelemnul, minmay_temple_entry_junction_2,
          uniq_sigmund, uniq_eustachio
D:5:      dreamdust_elfheim, layout_layer_cave, serial_shops, shop,
          portal_sewer_entry_b, uniq_crazy_yiuf_cottage, uniq_grinder, uniq_ijyb
D:6:      layout_loops_ring, serial_glass, glass_columns_c, glass_columns_a
D:7:      layout_cave_pools, trog_butcher_becter, grunt_temple_overflow_open,
          kennysheep_generic_room_11
D:8:      layout_gridville, marbit_many_paths, lemuel_blue_sif_altar,
          enter_bailey_5, enter_ossuary_5
D:9:      layout_rooms, minmay_lair_entry_grove, mrwooster_statue_mirror,
          serial_bayou_pond_d, chequers_serial_rivers_large_a,
          kennysheep_generic_room_2, uniq_maggie
D:10:     layout_roguey, minitemple, minmay_increasing_density
D:11:     layout_loops_cross
D:12:     layout_roguey, minmay_orc_entry_temple_small, zin_angel
D:13:     layout_cave_pools, ebering_ghost_reflecting_pool,
          minmay_guarded_unrand_wrath_of_trog
Temple:   chequers_temple_sunken
Lair:1:   layout_small_grid, gammafunk_ghost_necromancy,
          portal_ice_cave_entry_ice_simulacra
Lair:2:   layout_cave_pods, swamp_mist, wad_woods_river_01, uniq_prince_ribbit2
Lair:3:   layout_hall_layers, nicolae_snake_entry_warm_welcome
Lair:4:   layout_cave_pods, uniq_kirke
Lair:5:   wormcave, layout_hall_layers, slime_entry_1, bobbens_dragon_lair_wall
Orc:1:    layout_diamond_mine, serial_shops, nicolae_shop_hallway_stairs,
          shop_statue, shop, uniq_erolcha, uniq_snorg, uniq_urug
Orc:2:    st_orc_ogre_mass, layout_diamond_mine, uniq_donald

Skill      XL: |  1  2  3  4  5  6  7  8  9 10 11 12 13 14 15 16 |
---------------+-------------------------------------------------+-----
Dodging        | 1 2 3 4 5 6 |  6.0
Throwing       | 1 2 3 |  3.0
Axes           | 3 4 5 6 7 8 9 10 12 13 | 13.4
Ranged Weapons | 1 2 3 |  3.0
Armour         | 4 5 6 7 8 9 10 | 10.7
Fighting       | 4 5 6 8 9 10 11 12 | 12.1
Shields        | 4 5 6 8 9 10 11 12 | 12.0
Invocations    | 2 4 6 7 8 9 10 | 10.0
Evocations     | 2 3 |  3.0
Translocations | 3 4 5 6 |  6.0
Spellcasting   | 3 5 |  5.0
Conjurations   | 2 4 5 |  5.0
Air Magic      | 2 4 5 |  5.0

Action                     |  1- 3 |  4- 6 |  7- 9 | 10-12 | 13-15 | 16-18 || total
---------------------------+-------+-------+-------+-------+-------+-------++-------
  Melee: War axe           |   108 |   106 |   237 |   456 |  1174 |   149 ||  2230
   Fire: Sling             |       |       |     7 |    23 |       |       ||    30
  Throw: Dart              |     3 |     9 |    20 |    40 |    85 |    17 ||   174
         Stone             |       |       |    14 |       |       |       ||    14
         Boomerang         |       |       |       |     9 |    10 |       ||    19
         Throwing net      |       |       |       |     1 |       |       ||     1
 Invoke: Stomp             |       |       |       |     6 |     1 |       ||     7
         Grand Finale      |       |       |       |       |     1 |       ||     1
  Evoke: Wand              |       |       |     1 |     4 |    14 |       ||    19
    Use: Potion            |     2 |     1 |     5 |     1 |     9 |     2 ||    20
         Scroll            |       |    10 |     8 |     7 |    10 |     1 ||    36
   Stab: Paralysed         |       |       |     3 |    47 |   155 |     5 ||   210
         Sleeping          |       |       |     1 |       |       |       ||     1
         Held in net/web   |       |       |       |     1 |       |       ||     1
         Fleeing           |       |       |       |       |       |     1 ||     1
 Armour: Scale mail        |    41 |       |       |       |       |       ||    41
         Chain mail        |    52 |    90 |    44 |       |       |       ||   186
         Skin              |       |       |    23 |       |     1 |       ||    24
         Troll leather arm |       |       |    41 |     3 |       |       ||    44
         Ring mail         |       |       |       |   193 |    42 |       ||   235
         Plate armour      |       |       |       |       |   435 |       ||   435
         Crystal plate arm |       |       |       |       |    26 |    59 ||    85
  Dodge: Dodged            |    48 |    42 |   136 |   294 |   345 |    24 ||   889
  Block: Buckler           |    21 |    29 |    65 |    45 |       |       ||   160
         Kite shield       |       |       |       |   212 |  1061 |   107 ||  1380
         Reflection        |       |       |       |       |     9 |     2 ||    11

Table legend: (Time is in decaauts)
 A = Elapsed time spent in this place.
 B = Non-inter-level travel time spent in this place.
 C = Inter-level travel time spent in this place.
 D = Time resting spent in this place.
 E = Time spent auto-exploring this place.
 F = Levels seen in this place.
 G = Mean time per level.
                   A        B        C        D        E       F      G
               +--------+--------+--------+--------+--------+-----+--------+
         Total |  26424 |  25053 |   1371 |   2770 |  16037 |  24 | 1101.0 |
       Dungeon |  13882 |  12969 |    913 |    902 |   8743 |  13 | 1067.8 |
        Temple |    263 |    258 |      5 |      0 |    221 |   1 |  263.0 |
          Lair |   8215 |   7957 |    258 |    679 |   5580 |   5 | 1643.0 |
  Orcish Mines |   2186 |   1993 |    193 |    438 |    960 |   2 | 1093.0 |
         Sewer |    307 |    307 |      0 |     29 |    183 |   1 |  307.0 |
        Bailey |    452 |    452 |      0 |    118 |    142 |   1 |  452.0 |
      Ice Cave |   1117 |   1117 |      0 |    604 |    207 |   1 | 1117.0 |
               +--------+--------+--------+--------+--------+-----+--------+

Top non-repeatable levels by time:
  Lair:5: 2381 daAuts
    D:12: 2211 daAuts
  Lair:2: 2037 daAuts
     D:5: 1662 daAuts
    D:10: 1564 daAuts
  Lair:4: 1561 daAuts
     D:2: 1373 daAuts
     D:9: 1323 daAuts
   Orc:1: 1313 daAuts
  Lair:1: 1271 daAuts
   IceCv: 1117 daAuts
     D:8: 1072 daAuts
    D:11: 1033 daAuts
  Lair:3: 963 daAuts
   Orc:2: 873 daAuts
